 Dungeon Crawl Stone Soup version 0.28.0 (webtiles) character file.

Game seed: 16652292432069375264

846 boopmooplesden the Chopper (level 7, -7/61 HPs)
             Began as a Minotaur Fighter on Feb 5, 2022.
             Was a Follower of Uskayaw.
             Mangled by a gnoll (14 damage)
             ... on level 5 of the Dungeon.
             The game lasted 00:05:00 (4858 turns).

boopmooplesden the Chopper (Minotaur Fighter)       Turns: 4858, Time: 00:05:00

Health: -7/61      AC:  7    Str: 23    XL:     7   Next: 68%
Magic:  6/6        EV: 10    Int:  5    God:    Uskayaw [*.....]
Gold:   165        SH:  5    Dex:  9    Spells: 6/6 levels left

rFire   . . .      SeeInvis .   a - +0 war axe
rCold   . . .      Faith    .   c - +1 buckler
rNeg    . . .      Spirit   .   b - +0 scale mail
rPois   .          Reflect  .   (helmet restricted)
rElec   .          Harm     .   (no cloak)
rCorr   .          Rampage  .   (no gloves)
Will    .....                   (no boots)
Stlth   ..........              (no amulet)
HPRegen 0.20/turn               (no ring)
MPRegen 0.10/turn               (no ring)

@: no status effects
A: horns 2, retaliatory headbutt
a: Renounce Religion, Stomp


You were on level 5 of the Dungeon.
You worshipped Uskayaw.
Uskayaw was noncommittal.
You visited 1 branch of the dungeon, and saw 5 of its levels.

You collected 165 gold pieces.

Inventory:

Hand Weapons
 a - a +0 war axe (weapon)
 q - a +0 whip of venom
Armour
 b - a +0 scale mail (worn)
 c - a +1 buckler (worn)
Jewellery
 h - a +6 ring of strength
Wands
 d - a wand of paralysis (5)
Scrolls
 f - a scroll of teleportation
Potions
 e - a potion of flight {unknown}
 i - 2 potions of curing
 j - a potion of resistance {unknown}
 n - 2 potions of heal wounds
 o - 2 potions of attraction
 s - a potion of cancellation {unknown}


   Skills:
 + Level 5.6 Fighting
 + Level 6.7 Axes
 + Level 6.5 Armour
 + Level 2.0 Dodging
 + Level 1.1 Stealth
 + Level 4.7 Shields


You had 6 spell levels left.
You didn't know any spells.
Your spell library contained the following spells:

 Spells                   Type           Power      Damage    Failure   Level
 Petrify                  Tmut/Erth      0%         N/A       100%        4
 Metabolic Englaciation   Hex/Ice        0%         N/A       100%        5
 Statue Form              Tmut/Erth      0%         N/A       100%        6


Dungeon Overview and Level Annotations

Branches:
Dungeon (5/15)
 Temple: D:4-7

Altars:
Gozag
Uskayaw

Annotations:
D:3 3 runed translucent doors, BobtheApe's ghost, amateur MiBe


Innate Abilities, Weirdness & Mutations

You have a pair of horns on your head.
You reflexively headbutt those who attack you in melee.


Message History

You slash the adder!
You kill the adder!
A gnoll comes into view. It is wielding a +0 whip.
Found a smoky coppery potion.
Blink to where?
Press: ? - help, Dir - move target A gnoll shaman and 3 gnolls come into view.
As you read the scroll labelled LEIMPI FACIUTH, it crumbles to dust.
It was a scroll of blinking.
The gnoll shouts! x2
The gnoll hits you but does no damage.
You barely miss the gnoll. The gnoll hits you with a +0 whip.
You block the gnoll's attack.
You hit the gnoll.
The gnoll is moderately wounded.
You slash the gnoll!
The gnoll hits you from afar with a +0 halberd.
You can now pass through a line of other dancers.
The gnoll hits you with a +0 halberd!
The gnoll hits you from afar with a +0 halberd.
The gnoll hits you with a +0 whip. The gnoll hits you with a +0 flail.
The gnoll hits you from afar with a +0 halberd!
You block the gnoll's attack.
You closely miss the gnoll.
The gnoll is severely wounded.
The gnoll hits you from afar with a +0 halberd.
You can no longer pass through a line of other dancers.
You hit the gnoll shaman but do no damage.
The gnoll hits you from afar with a +0 halberd.
The gnoll closely misses you.
You hit the gnoll but do no damage.
The gnoll is severely wounded.
You barely miss the gnoll shaman.
The gnoll hits you from afar with a +0 halberd!
* * * LOW HITPOINT WARNING * * *
The gnoll barely misses you. The gnoll hits you with a +0 flail.
* * * LOW HITPOINT WARNING * * *
The gnoll shaman closely misses you.
The gnoll hits you from afar with a +0 halberd!
You die...

........ ......## ......#
.....# ....## ....#
##...## ##.@...#
#####.gg...#
##....ggg.!.####..
#............##...
..................##
...................##
...............#....#
.............####...###
................#.....####


You could see a gnoll shaman and 4 gnolls.

Vanquished Creatures
  Edmund (D:4)
  3 phantoms (D:4)
  A scorpion (D:5)
  2 howler monkeys (D:4)
  An orc priest (D:3)
  2 hounds (D:4)
  A bullfrog skeleton (D:4)
  Jessica (D:3)
  A centaur skeleton (D:5)
  Ijyb (D:3)
  An iguana (D:4)
  A hound skeleton (D:4)
  4 adders
  An adder skeleton (D:4)
  2 worms (D:4)
  3 dart slugs
  9 orcs
  8 ball pythons
  6 bats
  9 endoplasms
  7 giant cockroaches
  8 goblins
  8 hobgoblins
  2 quokkas (D:3)
  3 frilled lizards
  3 kobolds
  2 rats
91 creatures vanquished.

Notes
Turn   | Place    | Note
-------+----------+-------------------------------------------
     0 | D:1      | boopmooplesden the Minotaur Fighter began the quest for the
                  | Orb.
     0 | D:1      | Reached XP level 1. HP: 19/19 MP: 0/0
   355 | D:1      | Reached XP level 2. HP: 27/27 MP: 1/1
   742 | D:1      | Found a faded altar of an unknown god.
   752 | D:1      | Prayed at the altar of an unknown god.
   752 | D:1      | Became a worshipper of Uskayaw the Reveller
   752 | D:1      | Reached * piety under Uskayaw
   762 | D:1      | Reached ** piety under Uskayaw
   764 | D:1      | Reached XP level 3. HP: 31/33 MP: 2/2
  1992 | D:3      | Noticed Ijyb
  1997 | D:3      | Paralysed by Ijyb for 4 turns
  2015 | D:3      | Reached *** piety under Uskayaw
  2016 | D:3      | Reached XP level 4. HP: 24/40 MP: 3/3
  2018 | D:3      | Paralysed by Ijyb for 2 turns
  2020 | D:3      | Killed Ijyb
  2020 | D:3      | Reached **** piety under Uskayaw
  2022 | D:3      | Reached ***** piety under Uskayaw
  2062 | D:3      | Reached skill level 1 in Dodging
  2345 | D:3      | Reached XP level 5. HP: 47/47 MP: 4/4
  2443 | D:3      | Noticed Jessica
  2453 | D:3      | Killed Jessica
  2655 | D:3      | Found a runed translucent gate.
  2655 | D:3      | Found a runed translucent gate.
  2656 | D:3      | Found a runed translucent gate.
  2659 | D:3      | Noticed BobtheApe's ghost (amateur MiBe)
  3028 | D:4      | Noticed a phantom
  3035 | D:4      | Killed a phantom
  3036 | D:4      | Reached skill level 5 in Armour
  3143 | D:4      | Noticed a phantom
  3149 | D:4      | Reached XP level 6. HP: 50/53 MP: 5/5
  3165 | D:4      | Reached skill level 5 in Axes
  3619 | D:4      | Found an opulent altar of Gozag.
  3824 | D:4      | Reached skill level 5 in Fighting
  3879 | D:4      | Reached XP level 7. HP: 52/61 MP: 6/6
  3924 | D:4      | Noticed Edmund
  3948 | D:4      | Killed Edmund
  3949 | D:4      | Reached skill level 1 in Stealth
  4668 | D:5      | Entered Level 5 of the Dungeon
  4680 | D:5      | Found Qosatzex's Armour Shoppe.
  4858 | D:5      | Mangled by a gnoll

Illustrated notes

Levels and vault maps discovered:
D:1:      doesnt_arrival_eight_statues, layout_basic,
          hellmonk_ecumenical_altar_pennies_from_heaven
D:2:      layout_basic
D:3:      kennysheep_big_flooded_room, layout_loops_ring,
          ebering_ghost_rock_garden, minmay_door_square, uniq_jessica, uniq_ijyb
D:4:      layout_loops_corners, grunt_gozag_statues, uniq_edmund
D:5:      minmay_opposing_rooms, layout_layer_cave, serial_shops, shop,
          uniq_menkaure

Skill      XL: |  1  2  3  4  5  6  7 |
---------------+----------------------+-----
Fighting       | 4 5 |  5.6
Armour         | 4 5 6 |  6.5
Shields        | 4 |  4.7
Axes           | 3 4 5 6 |  6.7
Dodging        | 1 2 |  2.0
Stealth        | 1 |  1.1

Action                   |  1- 3 |  4- 6 |  7- 9 || total
-------------------------+-------+-------+-------++-------
Melee: War axe           |    81 |    98 |    45 ||   224
       Headbutt          |     6 |    19 |     7 ||    32
  Use: Potion            |     1 |       |       ||     1
       Scroll            |       |       |    11 ||    11
 Stab: Paralysed         |       |     1 |     1 ||     2
Armor: Scale mail        |    50 |    33 |     7 ||    90
Dodge: Dodged            |    39 |    27 |    22 ||    88
Block: Buckler           |    17 |    16 |    14 ||    47
